Map: Winter Madness LE

Players

BabyMarine

  • Race: Terran Terran
  • Spawn Location: 5:00

Reynor - Winner!

  • Race: Zerg Zerg
  • League: Master
  • Spawn Location: 11:00

VOD

Have the link to the VOD?

Description

Time

  • Played on: Jan. 31, 2026, 1:06 p.m.
  • Length: 11:44
Show
View Real Time Build Order
Export as new Build Order

BabyMarine Terran 

Build Orders: Reaper Expand, Hellion Banshee 

Get SALT Encoding   

  12  0:00  SCV  
  13  0:12  SCV  
  14  0:16  Supply Depot  
  14  0:24  SCV  
  15  0:38  SCV  
  15  0:39  Barracks  
  16  0:43  Refinery  
  16  0:50  SCV  
  17  1:02  SCV  
  18  1:14  SCV  
  19  1:26  Reaper  
  19  1:27  Orbital Command  
  20  1:40  Command Center  
  20  1:49  Supply Depot  
  20  1:52  SCV  
  21  1:58  Marine  
  22  2:04  SCV  
  23  2:14  Factory  
  23  2:16  SCV  
  23  2:20  Barracks Reactor  
  24  2:32  SCV  
  25  2:38  Command Center  
  26  2:44  SCV  
  26  2:52  Orbital Command  
  26  2:56  SCV  
  27  3:00  Starport  
  27  3:04  Refinery  
  27  3:08  Hellion  
  27  3:12  SCV  
  30  3:15  Hellion  
  30  3:18  Barracks Tech Lab  
  32  3:20  SCV  
  32  3:24  SCV  
  34  3:30  Hellion  
  34  3:33  SCV  
  37  3:36  Hellion  
  37  3:39  SCV  
  40  3:46  SCV  
  41  3:51  Hellion  
  41  3:55  Raven  
  45  3:56  Orbital Command  
  45  3:58  SCV x2  
  45  3:59  Marine  
  48  4:03  Hellion  
  48  4:05  Supply Depot  
  50  4:10  SCV x2  
  50  4:13  Hellion  
  54  4:17  Barracks Tech Lab  
  54  4:21  SCV  
  54  4:22  SCV  
  56  4:26  Hellion  
  56  4:29  Supply Depot  
  56  4:31  Banshee  
  58  4:35  Stimpack, Hellion, Orbital Command  
  58  4:36  SCV x2  
  65  4:45  Barracks  
  65  4:48  SCV x2, Barracks  
  65  4:50  Hellion  
  69  4:56  Supply Depot, Hellion  
  69  4:59  Marine  
  72  5:00  SCV  
  72  5:03  Refinery  
  72  5:05  Engineering Bay x2  
  73  5:08  SCV x2, Refinery  
  75  5:14  SCV  
  75  5:17  Marine  
  75  5:20  SCV  
  78  5:27  SCV x2  
  74  5:33  SCV  
  74  5:34  Terran Infantry Weapons Level 1, Terran Infantry Armor Level 1  
  74  5:38  Barracks Reactor  
  74  5:39  Starport Reactor, SCV  
  75  5:43  SCV, Barracks  
  75  5:44  Barracks  
  75  5:46  Supply Depot, SCV  
  77  5:50  Siege Tank  
  77  5:51  Marine x2  
  82  5:58  SCV  
  82  6:00  Marine  
  82  6:03  SCV x2  
  84  6:08  Supply Depot  
  84  6:09  Marine x2  
  84  6:10  SCV  
  87  6:11  Supply Depot  
  87  6:14  Combat Shield  
  87  6:15  SCV  
  87  6:17  Medivac, Marine  
  91  6:19  SCV  
  91  6:23  SCV  
  93  6:29  SCV  
  93  6:30  Marine x2  
  93  6:33  Marine x2, Medivac, Siege Tank  
  93  6:38  SCV  
  101  6:42  SCV  
  101  6:43  SCV, Marine  
  101  6:46  Barracks Reactor  
  96  6:47  Marine  
  96  6:49  Barracks Reactor  
  96  6:50  SCV, Marine  
  96  6:51  Marine  
  100  6:55  Supply Depot  
  100  6:57  Supply Depot  
  100  7:04  Supply Depot  
  100  7:06  SCV  
  100  7:07  Supply Depot  
  101  7:09  Factory  
  101  7:16  Marine x3  
  101  7:17  SCV x2, Siege Tank  
  101  7:19  SCV, Marine x2  
  101  7:22  Medivac  
  114  7:25  Refinery, Supply Depot  
  114  7:26  Refinery  
  114  7:29  Marine x4  
  118  7:34  SCV x2, Marine, Armory  
  118  7:36  SCV  
  122  7:37  Marine x2  
  109  7:44  Medivac, Marine x2  
  109  7:46  SCV, Marine  
  109  7:47  Marine, SCV  
  109  7:48  SCV  
  118  7:52  Marine  
  118  7:53  Marine  
  120  7:58  Marine  
  120  7:59  Marine x2  
  120  8:02  Marine, Command Center  
  120  8:03  Factory Reactor  
  120  8:04  SCV  
  120  8:05  SCV x2  
  127  8:11  Marine x4  
  127  8:12  Marine  
  131  8:16  Marine x2, SCV  
  131  8:17  SCV  
  135  8:22  Drilling Claws  
  135  8:23  Terran Infantry Weapons Level 2, Supply Depot x2, Terran Infantry Armor Level 2  
  135  8:26  Marine x2  
  137  8:28  SCV  
  137  8:29  SCV, Marine x2  
  141  8:36  Siege Tank  
  141  8:39  Marine x2  
  141  8:41  Widow Mine x2  
  149  8:44  Marine x2  
  149  8:45  Liberator  
  149  8:47  Liberator  
  157  8:51  Supply Depot  
  157  8:55  Barracks, Marine  
  157  8:57  Barracks  
  157  8:58  Barracks  
  157  8:59  Marine x2  
  157  9:01  Concussive Shells, Marauder  
  162  9:06  Marine x3  
  165  9:13  Marine  
  166  9:18  Widow Mine x2, Siege Tank  
  166  9:22  SCV x2  
  175  9:25  SCV  
  175  9:27  Marine x5  
  181  9:34  SCV  
  181  9:35  SCV  
  181  9:36  Planetary Fortress  
  181  9:37  Marine x4, SCV  
  188  9:44  Barracks Tech Lab  
  188  9:45  Marine  
  188  9:46  Barracks Tech Lab x2  
  188  9:54  Sensor Tower  
  188  9:59  Command Center  
  188  10:04  Widow Mine  
  187  10:08  Ghost Academy  
  187  10:09  Command Center  
  187  10:18  Supply Depot x2  
  187  10:20  Marauder, Widow Mine  
  188  10:22  Command Center  
  188  10:27  Marauder  
  187  10:28  Marauder  
  187  10:29  Marauder  
  187  10:32  Marine x3  
  187  10:33  SCV  
  153  10:36  Widow Mine x2  
  153  10:38  SCV x2  
  153  10:41  Marauder  
  149  10:48  Marauder  
  151  10:50  Widow Mine, Command Center  
  151  10:53  SCV  
  153  10:57  Siege Tank, Widow Mine  
  153  10:59  Marauder x2  
  153  11:02  Marauder  
  153  11:03  Refinery, Factory  
  153  11:04  Refinery  
  164  11:05  SCV  
  164  11:08  Supply Depot  
  164  11:09  Medivac x2  
  164  11:10  Ghost  
  171  11:16  SCV  
  167  11:31  SCV  
Show
View Real Time Build Order
Export as new Build Order

Reynor Zerg - Winner!

Build Orders: Hatch First 

Get SALT Encoding   

  12  0:00  Drone  
  13  0:07  Drone  
  14  0:14  Extractor, Drone  
  14  0:21  Overlord  
  15  0:39  Drone  
  16  0:45  Hatchery  
  16  0:49  Drone  
  16  0:51  Drone  
  16  0:55  Drone  
  18  1:06  Extractor  
  18  1:11  Spawning Pool  
  16  1:13  Drone  
  16  1:17  Drone  
  18  1:26  Drone  
  19  1:37  Drone  
  20  1:47  Drone  
  21  1:57  Queen x2  
  21  1:58  Zergling x2  
  21  1:59  Zergling x2  
  27  2:12  Hatchery  
  26  2:16  Overlord  
  26  2:20  Drone  
  27  2:23  Drone  
  28  2:36  Drone x2  
  30  2:38  Metabolic Boost  
  30  2:40  Drone  
  30  2:41  Drone x2  
  33  2:51  Overlord  
  33  2:55  Queen  
  33  2:57  Drone  
  36  3:10  Overlord, Drone  
  36  3:11  Drone x4  
  40  3:17  Queen  
  40  3:19  Zergling x2  
  43  3:24  Drone x2  
  43  3:25  Drone  
  46  3:29  Drone  
  46  3:31  Zergling x4  
  49  3:38  Queen  
  51  3:42  Queen  
  51  3:45  Drone  
  51  3:48  Overlord  
  54  3:50  Drone x2  
  56  3:57  Drone  
  56  4:00  Overlord  
  57  4:05  Queen  
  57  4:06  Zergling x6  
  57  4:07  Drone x2  
  64  4:11  Drone  
  64  4:12  Overlord  
  65  4:19  Lair  
  65  4:20  Drone x3  
  68  4:25  Drone  
  68  4:26  Drone x2  
  68  4:30  Overlord  
  71  4:35  Hatchery, Drone  
  71  4:37  Drone  
  72  4:40  Drone x2  
  72  4:44  Queen  
  76  4:47  Drone  
  76  4:49  Baneling Nest  
  76  4:50  Overlord, Extractor  
  75  4:53  Drone  
  75  4:54  Drone x2  
  75  4:56  Drone  
  75  4:58  Overlord  
  75  4:59  Drone  
  80  5:00  Drone  
  80  5:01  Drone  
  80  5:03  Overlord  
  82  5:07  Drone  
  82  5:09  Spore Crawler  
  82  5:17  Zergling x10  
  82  5:20  Zergling x2  
  84  5:25  Queen  
  84  5:26  Drone  
  84  5:27  Drone, Hatchery  
  84  5:28  Overlord  
  82  5:31  Drone x3  
  82  5:34  Drone x2  
  85  5:36  Drone, Evolution Chamber  
  85  5:37  Evolution Chamber, Drone  
  85  5:41  Zergling x2  
  86  5:44  Zergling x2  
  86  5:46  Zergling x2  
  86  5:48  Zergling x4  
  90  5:52  Queen  
  90  5:53  Drone  
  93  5:59  Drone x2  
  93  6:01  Zergling x6  
  93  6:03  Drone x3  
  99  6:05  Drone  
  99  6:06  Zerg Ground Armor Level 1, Zerg Melee Weapons Level 1  
  99  6:08  Drone  
  99  6:09  Extractor  
  99  6:10  Queen  
  103  6:11  Zergling x6  
  103  6:15  Centrifugal Hooks  
  103  6:16  Zergling x2  
  103  6:17  Zergling x4  
  108  6:21  Hatchery  
  108  6:22  Drone  
  108  6:23  Drone x2  
  110  6:26  Spore Crawler, Zergling x2  
  110  6:28  Zergling x2  
  110  6:29  Zergling x4  
  110  6:30  Zergling x2  
  110  6:31  Zergling x2  
  116  6:32  Zergling x2  
  116  6:34  Zergling x2  
  116  6:37  Overlord  
  116  6:39  Zergling x4  
  115  6:41  Zergling x2  
  115  6:42  Zergling x4  
  115  6:43  Zergling x2  
  115  6:44  Zergling x2  
  115  6:47  Drone  
  115  6:50  Queen  
  115  6:52  Extractor  
  115  6:54  Drone x2  
  119  6:56  Zergling x6  
  119  6:57  Zergling x2  
  119  6:58  Drone x2  
  119  6:59  Drone  
  119  7:01  Drone  
  127  7:03  Zergling x2  
  127  7:04  Spore Crawler  
  127  7:07  Drone x2, Queen  
  131  7:09  Overlord  
  131  7:13  Zergling x2  
  131  7:15  Zergling x2  
  133  7:16  Drone x2  
  133  7:19  Drone x3, Overlord  
  133  7:21  Drone x2, Infestation Pit  
  133  7:22  Zergling x6  
  142  7:24  Overlord  
  142  7:25  Overlord  
  142  7:28  Overlord  
  142  7:31  Zergling x10  
  142  7:32  Overlord  
  147  7:37  Zergling x6  
  147  7:38  Zergling x2  
  149  7:46  Zergling x6  
  149  7:50  Burrow, Zergling x2  
  149  7:51  Zergling x14  
  160  7:52  Baneling x5  
  160  7:55  Drone x4  
  160  7:58  Drone x2  
  159  7:59  Hive  
  159  8:04  Drone  
  160  8:05  Overlord  
  160  8:07  Spore Crawler  
  160  8:12  Zergling x8  
  163  8:13  Zergling x6  
  163  8:14  Overlord  
  163  8:16  Zergling x6  
  163  8:18  Zerg Melee Weapons Level 2, Zerg Ground Armor Level 2, Baneling x2  
  169  8:21  Hatchery  
  169  8:24  Drone x4  
  169  8:25  Drone x3  
  175  8:27  Extractor, Zergling x14  
  175  8:28  Hydralisk Den  
  175  8:33  Zergling x4  
  182  8:38  Zergling x8  
  183  8:43  Zergling x4  
  185  8:50  Extractor  
  185  8:52  Baneling  
  184  8:56  Baneling x3  
  184  8:59  Hydralisk, Muscular Augments  
  184  9:00  Hydralisk x6  
  198  9:04  Zergling x4  
  198  9:19  Adrenal Glands  
  198  9:28  Extractor  
  198  9:31  Zergling x6  
  200  9:44  Overseer  
  200  9:48  Pneumatized Carapace  
  200  10:00  Baneling x9  
  200  10:01  Baneling x8  
  199  10:11  Spore Crawler  
  198  10:20  Viper  
  175  10:33  Zergling x34  
  175  10:35  Zergling x18  
  152  10:36  Zergling x8  
  152  10:38  Viper  
  152  10:39  Zergling x2  
  152  10:40  Zergling x30  
  174  10:43  Hydralisk x2  
  174  10:44  Zergling x8  
  174  10:47  Zergling x18  
  191  10:52  Zergling x8  
  191  10:55  Zergling x6  
  195  10:58  Nydus Network  
  195  11:03  Baneling x2  
  195  11:04  Baneling x8  
  194  11:07  Zergling x10  
  199  11:12  Extractor  
  199  11:16  Baneling x6  
  199  11:17  Hatchery  
  197  11:23  Zergling x16  
Tags
 
Add a new tag
Caveats
  • Supply blocks, unpowered buildings, or Contaminate may cause inaccurate times.
  • Supply counts are checked every 10 seconds.